Map: Backwater LE

Players

llllllllllll - Winner!

  • Race: Protoss Protoss
  • League: Master
  • Spawn Location: 5:00

BageTT

  • Race: Protoss Protoss
  • League: Master
  • Spawn Location: 11:00

VOD

Have the link to the VOD?

Description

Test, use at your own risk

Time

  • Played on: April 4, 2018, 10:41 a.m.
  • Length: 8:38
Show
View Real Time Build Order
Export as new Build Order

llllllllllll Protoss - Winner!

Build Orders: Blink Stalkers 

Get SALT Encoding   

  12  0:00  Probe  
  13  0:13  Probe  
  14  0:18  Pylon  
  14  0:25  Probe (Chrono Boost)  
  15  0:37  Probe (Chrono Boost)  
  15  0:39  Gateway  
  16  0:44  Probe (Chrono Boost)  
  16  0:46  Assimilator  
  17  0:51  Probe  
  17  0:54  Assimilator  
  18  1:03  Probe  
  19  1:08  Gateway  
  19  1:15  Probe  
  20  1:26  Cybernetics Core  
  20  1:28  Probe  
  20  1:32  Pylon  
  21  1:40  Probe  
  22  1:52  Probe  
  23  2:00  Warp Gate (Chrono Boost)  
  23  2:02  Stalker x2  
  23  2:04  Probe  
  28  2:15  Pylon  
  28  2:22  Pylon  
  28  2:29  Shield Battery  
  28  2:37  Stalker x2  
  32  2:56  Nexus  
  32  3:06  Sentry x2 (Chrono Boost)  
  36  3:14  Twilight Council  
  36  3:15  Probe  
  37  3:21  Pylon  
  37  3:31  Shield Battery  
  37  3:52  Blink  
  37  3:59  Probe  
  37  4:01  Stalker x2  
  42  4:11  Probe  
  42  4:14  Probe  
  44  4:23  Probe (Chrono Boost)  
  44  4:27  Probe (Chrono Boost)  
  44  4:30  Robotics Facility  
  43  4:35  Probe (Chrono Boost)  
  45  4:38  Probe (Chrono Boost)  
  45  4:42  Probe (Chrono Boost)  
  45  4:43  Probe (Chrono Boost)  
  47  4:50  Probe  
  47  4:52  Pylon  
  48  4:53  Probe  
  48  4:58  Stalker  
  48  4:59  Stalker  
  53  5:02  Probe (Chrono Boost)  
  53  5:05  Probe (Chrono Boost)  
  55  5:14  Probe (Chrono Boost)  
  55  5:17  Observer, Probe (Chrono Boost)  
  58  5:22  Assimilator  
  58  5:23  Probe (Chrono Boost)  
  58  5:24  Gateway  
  58  5:26  Probe (Chrono Boost)  
  60  5:28  Probe, Gateway  
  60  5:33  Stalker  
  63  5:39  Gateway  
  63  5:41  Probe x2  
  65  5:49  Gateway  
  65  5:52  Warp Prism  
  67  5:58  Pylon  
  67  6:07  Pylon  
  67  6:10  Stalker  
  69  6:11  Pylon  
  69  6:19  Stalker  
  69  6:21  Pylon  
  71  6:47  Stalker x6  
  73  6:52  Pylon  
  73  6:53  Pylon  
  83  6:55  Pylon  
  76  7:29  Stalker x3  
  74  7:30  Stalker x3  
  61  7:55  Stalker x4  
  51  8:15  Stalker x2  
  51  8:34  Stalker  
  51  8:35  Stalker  
Show
View Real Time Build Order
Export as new Build Order

BageTT Protoss 

Build Orders: Oracle Opening 

Get SALT Encoding   

  12  0:00  Probe  
  13  0:12  Probe  
  14  0:17  Pylon  
  14  0:25  Probe (Chrono Boost)  
  15  0:37  Probe (Chrono Boost)  
  15  0:39  Gateway  
  16  0:45  Probe (Chrono Boost)  
  16  0:46  Assimilator  
  17  0:51  Assimilator  
  17  0:55  Probe  
  18  1:07  Probe  
  18  1:11  Gateway  
  19  1:19  Probe  
  20  1:28  Cybernetics Core  
  20  1:31  Probe  
  21  1:37  Pylon  
  21  1:43  Probe  
  22  1:55  Probe  
  23  2:04  Stalker  
  23  2:05  Sentry, Warp Gate (Chrono Boost)  
  23  2:07  Probe  
  28  2:17  Pylon  
  28  2:30  Stargate  
  28  2:40  Stalker  
  28  2:41  Stalker  
  31  3:07  Nexus  
  31  3:14  Oracle (Chrono Boost)  
  34  3:21  Probe  
  35  3:31  Shield Battery  
  35  3:35  Pylon  
  31  4:04  Stalker  
  31  4:05  Pylon, Stalker  
  31  4:06  Phoenix  
  37  4:23  Probe x2 (Chrono Boost)  
  39  4:25  Pylon  
  39  4:35  Probe x2 (Chrono Boost), Phoenix  
  43  4:42  Probe x2 (Chrono Boost)  
  45  4:50  Stalker x2  
  45  4:51  Probe  
  50  4:54  Probe  
  51  5:03  Probe, Phoenix  
  54  5:14  Probe  
  54  5:15  Robotics Facility  
  54  5:20  Probe  
  56  5:26  Pylon, Probe  
  57  5:32  Probe  
  58  5:38  Assimilator, Probe  
  58  5:41  Forge  
  58  5:42  Assimilator  
  59  5:44  Probe  
  59  5:47  Stalker  
  59  5:49  Sentry  
  64  5:51  Probe (Chrono Boost)  
  66  6:03  Probe (Chrono Boost)  
  67  6:06  Immortal (Chrono Boost)  
  70  6:12  Pylon  
  70  6:16  Pylon, Protoss Ground Weapons Level 1  
  70  6:18  Gateway  
  70  6:24  Gateway  
  70  6:30  Probe x2  
  72  6:34  Stalker  
  72  6:36  Stalker  
  72  6:38  Observer (Chrono Boost)  
  73  6:51  Shield Battery  
  73  6:52  Shield Battery  
  73  6:53  Shield Battery  
  73  6:56  Immortal (Chrono Boost)  
  75  7:18  Stalker x2  
  73  7:26  Immortal (Chrono Boost)  
  73  7:28  Stalker x2  
  81  7:32  Probe x2, Shield Battery  
  83  7:42  Stalker  
  83  7:43  Stalker  
  81  7:44  Probe  
  70  7:52  Stalker x2  
  60  8:06  Stalker x2  
  55  8:15  Stalker  
  55  8:24  Pylon  
  55  8:26  Stalker  
Tags
 
Composition
Blink Stalkers
Matchup
PvP
Spawn Locations
Cross Positions
Add a new tag
Caveats
  • Supply blocks, unpowered buildings, or Contaminate may cause inaccurate times.
  • Supply counts are checked every 10 seconds.